| TOP OF THE 1ST |
|
Billings Mustangs batting - Pitching for Helena Brewers : RHP Junzo Yanagisawa
|
|
Pitching: RHP Junzo Yanagisawa
|
|
|
Batting: RHB Cyd Carver
|
0-0: Called Strike 0-1: Foul Ball, location: 2F 0-2: Ball 1-2: Ball 2-2: SINGLE (Line Drive, 8RS, EV 94.4 MPH)
|
|
Batting: LHB Billy Guzman
|
0-0: Ball Cyd Carver is caught stealing 2nd base 2-6 1-0: DOUBLE (Flyball, 8RD, EV 96.2 MPH)
|
|
Batting: LHB David Moore
|
0-0: Swinging Strike 0-1: Ball 1-1: Ball 2-1: Ground out 4-3 (Groundball, 4S, EV 76.2 MPH) Billy Guzman to third
|
|
Batting: LHB Matthew Berry
|
0-0: Foul Ball, location: 2F 0-1: SINGLE (Flyball, 56D, EV 93.8 MPH) Billy Guzman scores
|
|
Batting: RHB Hector Maldonado
|
0-0: Swinging Strike 0-1: Ball Matthew Berry is caught stealing 2nd base 2-4
|
| Top of the 1st over - 1 run, 3 hits, 0 errors, 0 left on base; Billings 1 - Helena 0 |
| BOTTOM OF THE 1ST |
|
Helena Brewers batting - Pitching for Billings Mustangs : RHP Gil Villanueva
|
|
Pitching: RHP Gil Villanueva
|
|
|
Batting: RHB Nick Cummings
|
0-0: Ball 1-0: TRIPLE (Line Drive, 7D, EV 108.8 MPH)
|
|
Batting: SHB Robert Sayer
|
0-0: Ball 1-0: Swinging Strike 1-1: Ball 2-1: Swinging Strike 2-2: Foul Ball, location: 2F 2-2: Strikes out swinging
|
|
Batting: LHB Gabe Harvey
|
0-0: Called Strike 0-1: Ball 1-1: SINGLE (Groundball, 34D, EV 110.0 MPH) Nick Cummings scores
|
|
Batting: SHB Craig Wright
|
0-0: Ball 1-0: Ball 2-0: Ball 3-0: Base on Balls Gabe Harvey to second
|
|
Batting: RHB Ben Taylor
|
0-0: Ball 1-0: Fly out, F9 (Flyball, 9S, EV 94.4 MPH)
|
|
Batting: LHB Pablo Cardona
|
0-0: Ball 1-0: SINGLE (Groundball, 4S, EV 71.2 MPH) (infield hit) Gabe Harvey to third Craig Wright to second
|
|
Batting: RHB Jonathan Sarles
|
0-0: Ball 1-0: Ball 2-0: Foul Ball, location: 2F 2-1: SINGLE (Line Drive, 8LS, EV 93.1 MPH) Gabe Harvey scores Craig Wright to third Pablo Cardona to second Runner from 3rd tries for Home, SAFE, throw by CF to home
|
|
Batting: LHB Umar Matoub
|
0-0: Called Strike 0-1: Ball 1-1: Ground out 5-3 (Groundball, 56S, EV 86.9 MPH)
|
| Bottom of the 1st over - 3 runs, 4 hits, 0 errors, 2 left on base; Billings 1 - Helena 3 |
| TOP OF THE 2ND |
|
Billings Mustangs batting - Pitching for Helena Brewers : RHP Junzo Yanagisawa
|
|
Batting: RHB Hector Maldonado
|
0-0: Fly out, F9 (Flyball, 9D, EV 98.1 MPH)
|
|
Batting: LHB Jon Goddard
|
0-0: Ground out 6-3 (Groundball, P, EV 87.5 MPH)
|
|
Batting: RHB Jay Jacobson
|
0-0: Ball 1-0: Foul Ball, location: 2F 1-1: Ball 2-1: Foul Ball, location: 2F 2-2: Foul Ball, location: 2F 2-2: Ground out 5-3 (Groundball, 56, EV 101.9 MPH)
|
| Top of the 2nd over - 0 runs, 0 hits, 0 errors, 0 left on base; Billings 1 - Helena 3 |
| BOTTOM OF THE 2ND |
|
Helena Brewers batting - Pitching for Billings Mustangs : RHP Gil Villanueva
|
|
Batting: RHB Juan Villanueva
|
0-0: Ball 1-0: Ball 2-0: Called Strike 2-1: Foul Ball, location: 2F 2-2: Ball 3-2: Ground out 1-5-3 (Groundball, 15S, EV 106.2 MPH)
|
|
Batting: RHB Nick Cummings
|
0-0: Foul Ball, location: 2F 0-1: Foul Ball, location: 2F 0-2: Ball 1-2: Ball 2-2: Strikes out swinging
|
|
Batting: SHB Robert Sayer
|
0-0: Called Strike 0-1: Called Strike 0-2: Ball 1-2: SOLO HOME RUN (Flyball, 89XD, EV 108.8 MPH), Distance : 415 ft
|
|
Batting: LHB Gabe Harvey
|
0-0: Called Strike 0-1: Ball 1-1: Swinging Strike 1-2: Ground out 6-3 (Groundball, 6M, EV 81.2 MPH)
|
| Bottom of the 2nd over - 1 run, 1 hit, 0 errors, 0 left on base; Billings 1 - Helena 4 |
| TOP OF THE 3RD |
|
Billings Mustangs batting - Pitching for Helena Brewers : RHP Junzo Yanagisawa
|
|
Batting: RHB Yutaka Sato
|
0-0: Fly out, F6 (Popup, 6M, EV 52.5 MPH)
|
|
Batting: RHB Mark Ortner
|
0-0: Ground out 6-3 (Groundball, 4M, EV 85.0 MPH)
|
|
Batting: RHB Cyd Carver
|
0-0: Swinging Strike 0-1: Ball 1-1: Called Strike 1-2: DOUBLE (Line Drive, 89D, EV 104.4 MPH)
|
|
Batting: LHB Billy Guzman
|
0-0: Ball 1-0: Ball Wild Pitch! Cyd Carver to third 2-0: Swinging Strike 2-1: Ground out 1-3 (Groundball, 15S, EV 75.6 MPH)
|
| Top of the 3rd over - 0 runs, 1 hit, 0 errors, 1 left on base; Billings 1 - Helena 4 |
| BOTTOM OF THE 3RD |
|
Helena Brewers batting - Pitching for Billings Mustangs : RHP Gil Villanueva
|
|
Batting: SHB Craig Wright
|
0-0: Ball 1-0: Ball 2-0: Foul Ball, location: 2F 2-1: Called Strike 2-2: Ball 3-2: SINGLE (Groundball, 4MD, EV 95.6 MPH)
|
|
Batting: RHB Ben Taylor
|
0-0: Swinging Strike 0-1: Swinging Strike 0-2: Foul Ball, location: 2F 0-2: Ball 1-2: Strikes out swinging
|
|
Batting: LHB Pablo Cardona
|
0-0: Called Strike 0-1: Ball 1-1: Ball 2-1: Called Strike 2-2: Ball 3-2: Grounds into double play, 4-6-3 (Groundball, 4, EV 83.1 MPH)
|
| Bottom of the 3rd over - 0 runs, 1 hit, 0 errors, 0 left on base; Billings 1 - Helena 4 |
| TOP OF THE 4TH |
|
Billings Mustangs batting - Pitching for Helena Brewers : RHP Junzo Yanagisawa
|
|
Batting: LHB David Moore
|
0-0: Foul Ball, location: 2F 0-1: Ball 1-1: Foul Ball, location: 2F 1-2: Foul Ball, location: 2F 1-2: Ball 2-2: Ground out 5-3 (Groundball, 56, EV 100.0 MPH)
|
|
Batting: LHB Matthew Berry
|
0-0: Ball 1-0: Ball 2-0: Foul Ball, location: 2F 2-1: Swinging Strike 2-2: Foul Ball, location: 2F 2-2: Ball 3-2: Fly out, F6 (Popup, 6D, EV 58.8 MPH)
|
|
Batting: RHB Hector Maldonado
|
0-0: Foul Ball, location: 2F 0-1: Fly out, F9 (Flyball, 89S, EV 84.4 MPH)
|
| Top of the 4th over - 0 runs, 0 hits, 0 errors, 0 left on base; Billings 1 - Helena 4 |
| BOTTOM OF THE 4TH |
|
Helena Brewers batting - Pitching for Billings Mustangs : RHP Gil Villanueva
|
|
Batting: RHB Jonathan Sarles
|
0-0: Foul Ball, location: 2F 0-1: Swinging Strike 0-2: Ball 1-2: Ball 2-2: Strikes out swinging
|
|
Batting: LHB Umar Matoub
|
0-0: Ball 1-0: Ball 2-0: Ball 3-0: Called Strike 3-1: Foul Ball, location: 2F 3-2: Foul Ball, location: 2F 3-2: Base on Balls
|
|
Batting: RHB Juan Villanueva
|
0-0: Fly out, F9 (Flyball, 9LD, EV 98.8 MPH)
|
|
Batting: RHB Nick Cummings
|
0-0: Called Strike 0-1: Foul Ball, location: 2F 0-2: Ball 1-2: Ball 2-2: Foul Ball, location: 2F 2-2: Strikes out swinging
|
| Bottom of the 4th over - 0 runs, 0 hits, 0 errors, 1 left on base; Billings 1 - Helena 4 |
| TOP OF THE 5TH |
|
Billings Mustangs batting - Pitching for Helena Brewers : RHP Junzo Yanagisawa
|
|
Batting: LHB Jon Goddard
|
0-0: Ball 1-0: Ball 2-0: Ball 3-0: Base on Balls
|
|
Batting: RHB Jay Jacobson
|
0-0: Called Strike 0-1: Called Strike 0-2: Ball 1-2: Strikes out looking
|
|
Batting: RHB Yutaka Sato
|
0-0: Swinging Strike 0-1: Swinging Strike 0-2: Ball 1-2: Strikes out swinging
|
|
Batting: RHB Mark Ortner
|
0-0: Fly out, F5 (Line Drive, 5, EV 69.4 MPH)
|
| Top of the 5th over - 0 runs, 0 hits, 0 errors, 1 left on base; Billings 1 - Helena 4 |
| BOTTOM OF THE 5TH |
|
Helena Brewers batting - Pitching for Billings Mustangs : RHP Gil Villanueva
|
|
Batting: SHB Robert Sayer
|
0-0: Swinging Strike 0-1: Foul Ball, location: 2F 0-2: Ball 1-2: Ball 2-2: Foul Ball, location: 2F 2-2: Ground out 3-1 (Groundball, 34, EV 91.2 MPH)
|
|
Batting: LHB Gabe Harvey
|
0-0: Foul Ball, location: 2F 0-1: Ball 1-1: Ground out 6-3 (Groundball, 6, EV 85.0 MPH)
|
|
Batting: SHB Craig Wright
|
0-0: Called Strike 0-1: Ball 1-1: Foul Ball, location: 2F 1-2: SINGLE (Groundball, 56D, EV 93.8 MPH)
|
|
Batting: RHB Ben Taylor
|
0-0: Called Strike 0-1: Ball 1-1: Called Strike 1-2: Strikes out swinging
|
| Bottom of the 5th over - 0 runs, 1 hit, 0 errors, 1 left on base; Billings 1 - Helena 4 |
| TOP OF THE 6TH |
|
Billings Mustangs batting - Pitching for Helena Brewers : RHP Junzo Yanagisawa
|
|
Batting: RHB Cyd Carver
|
0-0: Ball 1-0: Ball 2-0: Called Strike 2-1: Called Strike 2-2: Foul Ball, location: 2F 2-2: Foul Ball, location: 2F 2-2: Ground out 5-3 (Groundball, 56S, EV 71.2 MPH)
|
|
Batting: LHB Billy Guzman
|
0-0: Ball 1-0: Swinging Strike 1-1: Ball 2-1: Ball 3-1: Base on Balls
|
|
Batting: LHB David Moore
|
0-0: Called Strike 0-1: Foul Ball, location: 2F 0-2: Ball 1-2: Ball 2-2: Ball 3-2: Base on Balls Billy Guzman to second
|
|
Pitching: RHP Dave Hotaling
|
|
|
Batting: LHB Matthew Berry
|
0-0: Ball Billy Guzman steals 3rd, throwing error, E2 Billy Guzman scores David Moore to third 1-0: Ball 2-0: Ball 3-0: Called Strike 3-1: Swinging Strike 3-2: Foul Ball, location: 2F 3-2: Fly out, F2 (Popup, 2R, EV 91.9 MPH)
|
|
Batting: RHB Hector Maldonado
|
0-0: Called Strike 0-1: Ball 1-1: Foul Ball, location: 2F 1-2: 2-RUN HOME RUN (Flyball, 7D, EV 100.0 MPH), Distance : 375 ft
|
|
Batting: LHB Jon Goddard
|
0-0: Ball 1-0: Ball 2-0: Ball 3-0: Base on Balls
|
|
Batting: RHB Jay Jacobson
|
0-0: Ball 1-0: Ball 2-0: Foul Ball, location: 2F 2-1: SINGLE (Groundball, 4MS, EV 86.2 MPH) (infield hit) Jon Goddard to second
|
|
Batting: RHB Yutaka Sato
|
0-0: Called Strike 0-1: Ball 1-1: Swinging Strike 1-2: Ball 2-2: Fly out, F8 (Flyball, 8LM, EV 93.1 MPH)
|
| Top of the 6th over - 3 runs, 2 hits, 1 error, 2 left on base; Billings 4 - Helena 4 |
| BOTTOM OF THE 6TH |
|
Helena Brewers batting - Pitching for Billings Mustangs : RHP Gil Villanueva
|
|
Batting: LHB Pablo Cardona
|
0-0: Foul Ball, location: 2F 0-1: Ball 1-1: Ball 2-1: Foul Ball, location: 2F 2-2: Foul Ball, location: 2F 2-2: Foul Ball, location: 2F 2-2: Ground out 1-3 (Groundball, 34S, EV 67.5 MPH)
|
|
Batting: RHB Jonathan Sarles
|
0-0: Ball 1-0: Foul Ball, location: 2F 1-1: Ground out 4-3 (Groundball, 4, EV 77.5 MPH)
|
|
Batting: LHB Umar Matoub
|
0-0: Ball 1-0: Foul Ball, location: 2F 1-1: Ball 2-1: Foul Ball, location: 2F 2-2: Foul Ball, location: 2F 2-2: Foul Ball, location: 2F 2-2: Ground out 3-1 (Groundball, 34, EV 86.2 MPH)
|
| Bottom of the 6th over - 0 runs, 0 hits, 0 errors, 0 left on base; Billings 4 - Helena 4 |
| TOP OF THE 7TH |
|
Billings Mustangs batting - Pitching for Helena Brewers : RHP Dave Hotaling
|
|
Pitching: RHP Pat Spry
|
|
|
Batting: RHB Mark Ortner
|
0-0: Ball 1-0: Ground out 5-3 (Groundball, 56, EV 83.1 MPH)
|
|
Batting: RHB Cyd Carver
|
0-0: Ball 1-0: Ground out 4-3 (Groundball, 4S, EV 81.2 MPH)
|
|
Batting: LHB Billy Guzman
|
0-0: Ball 1-0: SOLO HOME RUN (Flyball, 9D, EV 93.8 MPH), Distance : 363 ft
|
|
Batting: LHB David Moore
|
0-0: Foul Ball, location: 2F 0-1: Swinging Strike 0-2: Ball 1-2: Foul Ball, location: 2F 1-2: Ball 2-2: Ball 3-2: Base on Balls
|
|
Batting: LHB Matthew Berry
|
0-0: Foul Ball, location: 2F 0-1: Foul Ball, location: 2F 0-2: Ball 1-2: Foul Ball, location: 2F 1-2: Strikes out swinging
|
| Top of the 7th over - 1 run, 1 hit, 0 errors, 1 left on base; Billings 5 - Helena 4 |
| BOTTOM OF THE 7TH |
|
Helena Brewers batting - Pitching for Billings Mustangs : RHP Gil Villanueva
|
|
Batting: RHB Juan Villanueva
|
0-0: Called Strike 0-1: Ground out 6-3 (Groundball, 6, EV 100.6 MPH)
|
|
Batting: RHB Nick Cummings
|
0-0: Called Strike 0-1: Ball 1-1: Foul Ball, location: 2F 1-2: Ball 2-2: Ball 3-2: Foul Ball, location: 2F 3-2: Foul Ball, location: 2F 3-2: Base on Balls
|
|
Batting: SHB Robert Sayer
|
0-0: Called Strike 0-1: Called Strike Nick Cummings steals 2nd base 0-2: Foul Ball, location: 2F 0-2: Ball 1-2: Fly out, F9 (Flyball, 9LM, EV 81.2 MPH)
|
|
Batting: LHB Gabe Harvey
|
0-0: Called Strike 0-1: Ball 1-1: Swinging Strike 1-2: Foul Ball, location: 2F 1-2: Foul Ball, location: 2F 1-2: Foul Ball, location: 2F 1-2: Strikes out swinging
|
| Bottom of the 7th over - 0 runs, 0 hits, 0 errors, 1 left on base; Billings 5 - Helena 4 |
| TOP OF THE 8TH |
|
Billings Mustangs batting - Pitching for Helena Brewers : RHP Pat Spry
|
|
Pitching: RHP Dustin Pryor
|
|
|
Batting: RHB Hector Maldonado
|
0-0: Ground out U3 (Groundball, 13, EV 82.5 MPH)
|
|
Batting: LHB Jon Goddard
|
0-0: Ball 1-0: Foul Ball, location: 2F 1-1: Ball 2-1: Fly out, F5 (Line Drive, 5, EV 63.1 MPH)
|
|
Batting: RHB Jay Jacobson
|
0-0: Ball 1-0: Ball 2-0: Ball 3-0: Called Strike 3-1: Base on Balls
|
|
Batting: RHB Yutaka Sato
|
0-0: Ball 1-0: SINGLE (Groundball, 6D, EV 96.2 MPH) Jay Jacobson to second
|
|
Batting: RHB Mark Ortner
|
0-0: Swinging Strike 0-1: Ball 1-1: Foul Ball, location: 2F 1-2: Ground out 4-3 (Groundball, 4, EV 76.2 MPH)
|
| Top of the 8th over - 0 runs, 1 hit, 0 errors, 2 left on base; Billings 5 - Helena 4 |
| BOTTOM OF THE 8TH |
|
Helena Brewers batting - Pitching for Billings Mustangs : RHP Gil Villanueva
|
|
Batting: SHB Craig Wright
|
0-0: Called Strike 0-1: Called Strike 0-2: Strikes out looking
|
|
Batting: RHB Ben Taylor
|
0-0: Ball 1-0: Swinging Strike 1-1: Ball 2-1: Ball 3-1: Called Strike 3-2: Base on Balls
|
|
Batting: LHB Pablo Cardona
|
0-0: Ball 1-0: Ball 2-0: Bunt missed! 2-1: Bunted foul 2-2: Ball 3-2: Base on Balls Ben Taylor to second
|
|
Pitching: RHP Jaime Kijowski
|
|
|
Batting: RHB Jonathan Sarles
|
0-0: Ball 1-0: Foul Ball, location: 2F 1-1: Ball 2-1: Ball 3-1: Fly out, F3 (Line Drive, 3, EV 70.6 MPH) Lined into DP, U3 (Line Drive, 3, EV 66.2 MPH)
|
| Bottom of the 8th over - 0 runs, 0 hits, 0 errors, 1 left on base; Billings 5 - Helena 4 |
| TOP OF THE 9TH |
|
Billings Mustangs batting - Pitching for Helena Brewers : RHP Dustin Pryor
|
|
Pitching: RHP Sho Sekine
|
|
|
Batting: RHB Cyd Carver
|
0-0: Ball 1-0: Ball 2-0: Foul Ball, location: 2F 2-1: Swinging Strike 2-2: Strikes out looking
|
|
Batting: LHB Billy Guzman
|
0-0: Ball 1-0: Ball 2-0: Foul Ball, location: 2F 2-1: Foul Ball, location: 2F 2-2: DOUBLE (Flyball, 89XD, EV 106.2 MPH)
|
|
Batting: LHB David Moore
|
0-0: Intentional Walk
|
|
Batting: LHB Matthew Berry
|
0-0: Called Strike 0-1: Ball 1-1: Ball 2-1: Foul Ball, location: 2F 2-2: Fielders Choice at 2nd, 4-6 (Groundball, 4MD, EV 97.5 MPH) Billy Guzman to third
|
|
Batting: RHB Hector Maldonado
|
0-0: Called Strike 0-1: Foul Ball, location: 2F 0-2: SINGLE (Groundball, 56D, EV 98.8 MPH) Billy Guzman scores Matthew Berry to second
|
|
Batting: LHB Jon Goddard
|
0-0: Ground out 4-3 (Groundball, 4MD, EV 92.5 MPH)
|
| Top of the 9th over - 1 run, 2 hits, 0 errors, 2 left on base; Billings 6 - Helena 4 |
| BOTTOM OF THE 9TH |
|
Helena Brewers batting - Pitching for Billings Mustangs : RHP Jaime Kijowski
|
|
Batting: LHB Umar Matoub
|
0-0: Called Strike 0-1: Ball 1-1: Ball 2-1: Called Strike 2-2: SINGLE (Groundball, 34, EV 100.6 MPH)
|
|
Batting: RHB Juan Villanueva
|
0-0: Ball 1-0: Swinging Strike 1-1: Ball 2-1: SINGLE (Flyball, 34D, EV 88.1 MPH) Umar Matoub to second
|
|
Batting: RHB Nick Cummings
|
0-0: Called Strike 0-1: Ball 1-1: Ball 2-1: Foul Ball, location: 2F 2-2: Hit by Pitch Umar Matoub to third Juan Villanueva to second
|
|
Pitching: RHP Juan Hernandez
|
|
|
Batting: SHB Robert Sayer
|
0-0: Called Strike 0-1: Ball 1-1: SINGLE (Groundball, 6MD, EV 100.6 MPH) Umar Matoub scores Juan Villanueva to third Nick Cummings to second
|
|
Batting: LHB Gabe Harvey
|
0-0: Called Strike 0-1: Grounds into fielders choice 4-2 (Groundball, 4, EV 86.2 MPH) Nick Cummings to third Robert Sayer to second
|
|
Batting: SHB Craig Wright
|
0-0: Foul Ball, location: 2F 0-1: Called Strike 0-2: GRAND SLAM HOME RUN (Flyball, 89XD, EV 105.6 MPH), Distance : 435 ft
|
| Bottom of the 9th over - 5 runs, 4 hits, 0 errors, 0 left on base; Billings 6 - Helena 9 |
| |
|
Game Over ... Helena defeats Billings, 9 to 6
|
|
|